cohdb
Replays
Latest Replays
All Replays
Popular Replays
Top Player Replays
Match Explorer
How It Works
Community
CoH3 Stats
Reddit
Sign in to upload your games and track your stats! →
Sign in with Steam
Match 45498578
Unlisted
Match 45498578
Overview
Messages
Build Orders
End
Vickers Machine Gun Team
Construct Section Command Post
Selects Australian Defense Battlegroup
Selects Australian Light Infantry Section
Dingo Light Scout Car
Infantry Section
Infantry Section
Construct Platoon Command Post
Humber Armored Car
Unlock Bishop Self-propelled Artillery
Selects 2-pounder Anti-tank Gun Team
2-pounder Anti-tank Gun Team
Infantry Section
Bishop Self-propelled Artillery
Bishop Self-propelled Artillery
Selects Vehicle Over Repair
6-pounder Anti-tank Gun Team
UMirinBrah?
Tea Cup
Tirant
MatioS
Ashilrye
[82AD] Janko
0
0
Comments
sign in to comment!
No comments posted yet!